 Dungeon Crawl Stone Soup version 0.31-a0-246-g8cbcc1cb85 (webtiles) character file.

Game seed: 6757744477457150576

11610 Vomitron the Destroyer (level 11, -13/97 HPs)
             Began as a Yellow Draconian Conjurer on July 12, 2023.
             Was an Elder of Vehumet.
             Mangled by Fannar
             ... wielding a +0 quarterstaff of freezing
              (15 damage)
             ... on level 10 of the Dungeon.
             The game lasted 00:34:49 (13832 turns).

Vomitron the Destroyer (Yellow Draconian Conjurer) Turns: 13832, Time: 00:34:50

Health: -13/97     AC: 12    Str: 11    XL:     11   Next: 51%
Magic:  0/23       EV: 12    Int: 27    God:    Vehumet [****..]
Gold:   886        SH:  0    Dex: 10    Spells: 12/27 levels left

rFire   . . .        D - +1 morningstar (protect)
rCold   . . .        (no shield)
rNeg    . . .        (body armour unavailable)
rPois   +            (helmet restricted)
rElec   .            e - +2 cloak {rPois}
rCorr   +            q - +1 pair of gloves
SInv    .            (no boots)
Will    +....        j - amulet of the acrobat
Stlth   ++           f - +6 ring of intelligence
HPRegen 0.36/turn    A - ring of willpower
MPRegen 0.18/turn

%: acrobat
@: short of breath, slowed, very slow
A: spit acid, AC +7, unfitting armour, cold-blooded, acid resistance
a: Breathe Acid, Renounce Religion


You were on level 10 of the Dungeon.
You worshipped Vehumet.
Vehumet was greatly pleased with you.
You visited 2 branches of the dungeon, and saw 11 of its levels.
You also visited: Bailey.

You collected 1044 gold pieces.
You spent 158 gold pieces at shops.

Inventory:

Hand Weapons
 l - a +2 vampiric dagger
 y - a +0 spear
 D - a +1 morningstar of protection (weapon)
 H - a +3 spear
Missiles
 C - 9 throwing nets
Armour
 e - a +2 cloak of poison resistance (worn)
 q - a +1 pair of gloves (worn)
Magical Staves
 I - a staff of poison
Jewellery
 b - a +6 ring of dexterity
 d - a +6 ring of dexterity
 f - a +6 ring of intelligence (left hand)
 j - an amulet of the acrobat (around neck)
 o - a ring of resist corrosion
 A - a ring of willpower (right hand)
 B - a ring of fire
Wands
 k - a wand of flame (27)
 J - a wand of digging (7)
 M - a wand of roots (4)
Scrolls
 c - a scroll of blinking
 h - a scroll of torment
 i - a scroll of teleportation
 m - 2 scrolls of enchant weapon
 p - a scroll of fog
 t - 3 scrolls of identify
 v - 4 scrolls of noise {unknown}
 x - 2 scrolls of brand weapon {unknown}
 z - 2 scrolls of summoning {unknown}
 E - a scroll of acquirement {unknown}
 F - a scroll of revelation
 K - a scroll of enchant armour
Potions
 a - a potion of magic
 g - 2 potions of berserk rage
 n - 3 potions of curing
 r - 2 potions of invisibility
 s - 2 potions of haste {unknown}
 u - 2 potions of brilliance {unknown}
 w - 4 potions of heal wounds
 G - 2 potions of mutation {unknown}
 L - a potion of cancellation {unknown}
 N - a potion of enlightenment {unknown}


   Skills:
 + Level 9.3 Fighting
 - Level 1.8 Dodging
 - Level 1.8 Stealth
 + Level 8.5 Spellcasting
 * Level 13.1 Conjurations
 - Level 3.0 Hexes
 - Level 4.0 Translocations


You had 12 spell levels left.
You knew the following spells:

 Your Spells              Type           Power      Damage    Failure   Level
a - Magic Dart            Conj           100%       1d8       0%          1
b - Searing Ray           Conj           100%       2d8       1%          2
c - Blink                 Tloc           66%        N/A       1%          2
d - Fulminant Prism       Conj/Hex       26%        3d14      1%          4
e - Poisonous Vapours     Pois/Air       22%        N/A       2%          2
f - Iskenderun's Mystic   Conj/Tloc      55%        2d12      1%          4

Your spell library contained the following spells:

 Spells                   Type           Power      Damage    Failure   Level
 Airstrike                Air            5%         2d(1-17)  13%         4
 Apportation              Tloc           66%        N/A       1%          1
 Lesser Beckoning         Tloc           66%        N/A       1%          2
 Momentum Strike          Conj/Tloc      100%       3d10      1%          2
 Dazzling Flash           Conj/Hex       100%       N/A       1%          3
 Flame Wave               Conj/Fire      46%        2d12      1%          4
 Scorch                   Fire           22%        2d5       2%          2
 Necrotise                Necr           44%        1d6       4%          1
 Sting                    Tmut/Pois      44%        1d5       4%          1
 Summon Small Mammal      Summ           44%        N/A       4%          1
 Manifold Assault         Tloc           33%        N/A       10%         4
 Olgreb's Toxic Radiance  Pois           11%        N/A       13%         4
 Dispersal                Tloc           16%        N/A       83%         6
 Summon Cactus Giant      Summ           5%         N/A       100%        6
 Disjunction              Tloc           16%        N/A       100%        8


Dungeon Overview and Level Annotations

Branches:
Dungeon (10/15)            Temple (1/1) D:5            Lair (0/5) D:10
    Orc (0/2) D:9          Bailey (visited)

Altars:
Ashenzari
Cheibriados
Elyvilon
Gozag
Hepliaklqana
Kikubaaqudgha
Makhleb
Nemelex Xobeh
Okawaru
Qazlal
Sif Muna
Trog
Uskayaw
Vehumet
Wu Jian
Xom
Yredelemnul
Zin
The Shining One

Shops:
D:3 =   D:5 :[!*   D:6 *

Annotations:
D:3 2 transporters, olmar's ghost, amateur DEEE
D:10 Fannar


Innate Abilities, Weirdness & Mutations

You can spit globs of acid.
Your golden yellow scales are hard. (AC +7)
You cannot fit into any form of body armour.
You are cold-blooded and may be slowed by cold attacks.
You are resistant to acid. (rCorr)


Message History

Casting: Poisonous Vapours (safe; 2% risk of failure)
Confirm with . or Enter, or press ? or * to list all spells.
You erupt in a blast of force!
The mystic blast hits Fannar!
Fannar is severely wounded.
Fannar is knocked back by the mystic blast.
Unknown command.
Unknown command.
Unknown command.
Unknown command.
You are too injured to fight recklessly!
Unknown command.
Casting: Iskenderun's Mystic Blast (safe; 1% risk of failure)
Confirm with . or Enter, or press ? or * to list all spells.
Aiming: Magic Dart (safe; 0% risk of failure)
Press: ? - help, Shift-Dir - straight line, f/p - Fannar
Aim: Fannar, wielding a +0 quarterstaff of freezing, wearing a +1 robe of cold resistance and wearing a ring of ice (severely wounded, very poisoned, 100% to hit)
The magic dart hits Fannar.
Fannar is almost dead.
Fannar gestures at you while chanting. The bolt of cold misses you.
Unknown command.
Unknown command.
Aiming: Throw Flame
Press: ? - help, Shift-Dir - straight line, f/p - Fannar
Aim: Fannar, wielding a +0 quarterstaff of freezing, wearing a +1 robe of cold resistance and wearing a ring of ice (almost dead, very poisoned, 48% to hit)
The puff of flame hits Fannar but does no damage.
Fannar is almost dead.
Fannar casts a spell at you. The bolt of cold hits you!
* * * LOW HITPOINT WARNING * * *
Unknown command.
Unknown command.
Aiming: Throw Flame
Press: ? - help, Shift-Dir - straight line, f/p - Fannar
Aim: Fannar, wielding a +0 quarterstaff of freezing, wearing a +1 robe of cold resistance and wearing a ring of ice (almost dead, very poisoned, 48% to hit)
The puff of flame hits Fannar.
Fannar is burned terribly!
Fannar is almost dead.
Fannar gestures wildly while chanting.
Fannar drains the heat from the surrounding environment!
You die...

.# #..# ## #.## #
#)# ## #.# .# #.#
.# #.#
.########.########
.'...#...........#
.###..[........e@#
.# ###...........#
.# #...........#
.# #####.#######
## #.## #..# ##.##
#T.# # ##Y#


You could see Fannar (very poisoned).

Vanquished Creatures
  Josephine (D:10)
  2 two-headed ogres
  A necromancer (D:9)
  Joseph (D:9)
  3 unseen horror zombies (D:8)
  2 komodo dragons (D:10)
  2 hornets
  6 yaks (D:9)
  3 wraiths (D:10)
  2 shadows
  2 wyverns (D:9)
  An acid dragon (D:10)
  A water moccasin (D:3)
  Duvessa (D:7)
  2 orc warriors
  3 sky beasts
  2 ice beasts
  A black bear (D:5)
  5 wolves (Bailey)
  A phantom (D:6)
  5 bullfrogs
  4 kobold brigands
  9 gnoll sergeants
  A wyvern zombie (D:8)
  2 scorpions
  13 wights
  Dowan (D:7)
  A killer bee (D:10)
  An electric eel (D:8)
  4 howler monkeys
  A vampire bat (D:4)
  A jelly (D:6)
  A centaur zombie (D:8)
  7 orc priests
  5 gnoll boudas
  5 hounds
  An iguana (D:6)
  12 orc wizards
  5 yak simulacra (D:9)
  A polar bear simulacrum (D:9)
  A wolf simulacrum (D:9)
  2 killer bee zombies (D:8)
  A howler monkey zombie (D:8)
  26 gnolls
  4 adders
  2 worms
  A dart slug (D:1)
  3 fire bats (D:4)
  33 orcs
  2 spectral bats (D:4)
  5 ball pythons
  A bat simulacrum (D:4)
  3 bat skeletons (D:4)
  A bat zombie (D:4)
  4 endoplasms
  A giant cockroach (D:1)
  3 goblins (D:2)
  4 hobgoblins
  3 quokkas
  14 bats
  4 frilled lizards
  31 kobolds
  10 rats
  4 river rat simulacra (D:9)
285 creatures vanquished.

Vanquished Creatures (others)
  62 fulminant prisms
62 creatures vanquished.

Grand Total: 347 creatures vanquished

Notes
Turn   | Place    | Note
-------+----------+-------------------------------------------
     0 | D:1      | Vomitron the Draconian Conjurer began the quest for the
                  | Orb.
     0 | D:1      | Reached XP level 1. HP: 14/14 MP: 3/3
   303 | D:1      | Reached XP level 2. HP: 15/20 MP: 0/5
   366 | D:1      | You fall into a shaft and drop 1 floor!
   370 | D:2      | Learned a level 2 spell: Searing Ray
  1485 | D:2      | Reached XP level 3. HP: 26/26 MP: 0/6
  2687 | D:3      | Found an iron altar of Okawaru.
  2691 | D:3      | Reached skill level 5 in Conjurations
  2786 | D:3      | Found a transporter.
  2790 | D:3      | Noticed olmar's ghost (amateur DEEE)
  2802 | D:3      | Noticed a water moccasin
  2807 | D:3      | Learned a level 2 spell: Blink
  2843 | D:3      | Found a transporter.
  2898 | D:3      | Reached XP level 4. HP: 33/33 MP: 2/8
  2949 | D:3      | Killed a water moccasin
  2950 | D:3      | Reached skill level 1 in Fighting
  2950 | D:3      | Reached skill level 1 in Translocations
  2950 | D:3      | Reached XP level 5. HP: 40/40 MP: 0/9
  3058 | D:3      | Found Gisotena's Jewellery Shop.
  3259 | D:3      | Learned a level 4 spell: Fulminant Prism
  3791 | D:4      | Reached XP level 6. HP: 32/48 MP: 0/11
  3934 | D:4      | Reached skill level 6 in Conjurations
  3934 | D:4      | Reached skill level 1 in Hexes
  4857 | D:5      | Entered Level 5 of the Dungeon
  4899 | D:5      | Found Ashrayrch's General Store.
  4903 | D:5      | Found Sodghuera's Distillery.
  4904 | D:5      | Bought a scroll of identify for 26 gold pieces
  4904 | D:5      | Bought a scroll of identify for 26 gold pieces
  4904 | D:5      | Bought a scroll of identify for 26 gold pieces
  4912 | D:5      | Bought a potion of heal wounds for 50 gold pieces
  4912 | D:5      | Bought a potion of curing for 30 gold pieces
  5015 | D:5      | Found Taklio's Book Shop.
  5139 | D:5      | Learned a level 2 spell: Poisonous Vapours
  5193 | D:5      | Your scales start taking on a golden yellow colour.
  5193 | D:5      | Reached XP level 7. HP: 56/56 MP: 5/12
  5193 | D:5      | Gained mutation: You are resistant to acid. (rCorr) [Yellow
                  | Draconian growth]
  5291 | D:5      | Found a staircase to the Ecumenical Temple.
  5298 | Temple   | Entered the Ecumenical Temple
  5315 | Temple   | Became a worshipper of Vehumet
  5356 | D:5      | Found a snail-covered altar of Cheibriados.
  5356 | D:5      | Found a burning altar of Makhleb.
  5667 | D:5      | Found Fisusch's Antique Armour Emporium.
  6230 | D:6      | Reached skill level 7 in Conjurations
  6335 | D:6      | Reached XP level 8. HP: 63/63 MP: 3/14
  6549 | D:6      | Found Veobrism's Lightly-Used Armoury.
  7442 | D:6      | Learned a level 4 spell: Iskenderun's Mystic Blast
  7507 | D:6      | Reached * piety under Vehumet
  7507 | D:6      | Offered knowledge of Freeze by Vehumet.
  7603 | D:7      | Reached skill level 8 in Conjurations
  7675 | D:7      | Reached skill level 5 in Spellcasting
  7954 | D:7      | Reached XP level 9. HP: 69/73 MP: 7/16
  8121 | D:7      | Reached skill level 5 in Fighting
  8314 | D:7      | Reached skill level 9 in Conjurations
  8429 | D:7      | Noticed Duvessa
  8430 | D:7      | Noticed Dowan
  8438 | D:7      | Killed Duvessa
  8453 | D:7      | Killed Dowan
  8636 | D:7      | Found a shimmering blue altar of Sif Muna.
  8912 | D:8      | Offered knowledge of Kiss of Death by Vehumet.
  8914 | D:8      | Reached ** piety under Vehumet
  9119 | D:8      | Found a flagged portal.
  9129 | Bailey   | Entered a bailey
  9171 | Bailey   | Reached skill level 10 in Conjurations
  9291 | Bailey   | Offered knowledge of Hailstorm by Vehumet.
  9334 | Bailey   | Reached XP level 10. HP: 62/84 MP: 7/19
  9720 | Bailey   | Reached *** piety under Vehumet
 10505 | D:8      | Reached skill level 11 in Conjurations
 10861 | D:8      | Found a hide-covered altar of Uskayaw.
 10864 | D:8      | Found a sparkling altar of Nemelex Xobeh.
 11087 | D:8      | Found a basalt altar of Yredelemnul.
 11664 | D:9      | Found a broken altar of Ashenzari.
 11681 | D:9      | Found a staircase to the Orcish Mines.
 11681 | D:9      | Offered knowledge of Inner Flame by Vehumet.
 11692 | D:9      | Noticed a two-headed ogre
 11702 | D:9      | Killed a two-headed ogre
 11819 | D:9      | Reached skill level 12 in Conjurations
 11879 | D:9      | Noticed Joseph
 11892 | D:9      | Killed Joseph
 12062 | D:9      | Reached XP level 11. HP: 95/95 MP: 16/22
 12644 | D:9      | Noticed a necromancer
 12652 | D:9      | Killed a necromancer
 12854 | D:10     | Entered Level 10 of the Dungeon
 13264 | D:10     | Found a staircase to the Lair.
 13403 | D:10     | Noticed a two-headed ogre
 13410 | D:10     | Killed a two-headed ogre
 13514 | D:10     | Noticed Fannar
 13745 | D:10     | Noticed Josephine
 13754 | D:10     | Killed Josephine
 13754 | D:10     | Reached **** piety under Vehumet
 13755 | D:10     | Reached skill level 13 in Conjurations
 13767 | D:10     | Offered knowledge of Airstrike by Vehumet.
 13827 | D:10     | HP: 1/97 [Fannar/+0 quarterstaff of freezing (33)]
 13832 | D:10     | Mangled by Fannar

Illustrated notes

Levels and vault maps discovered:
D:1:      dpeg_arrival_pits, layout_loops_corners
D:2:      layout_basic, grunt_ministairs_12
D:3:      layout_rooms, mainiacjoe_overflow_brackets, serial_shops,
          nicolae_shop_gaudy_bauble, gammafunk_ghost_stat_death
D:4:      layout_loops_cross, goddamned_bats
D:5:      layout_loops_corners, gammafunk_temple_overflow_elements,
          temple_statues, serial_shops, nicolae_shop_dealshenge,
          nicolae_shop_stone, shop_fountains, shop
D:6:      layout_gridville, minmay_shop_damaged, minmay_misc_feat_plants
D:7:      layout_rooms, kennysheep_little_box, uniq_duvessa
D:8:      layout_layer_cave, nicolae_yredelemnul_corpse_copse,
          nicolae_overflow_squiral, enter_bailey_2
D:9:      layout_basic, evilmike_ruin_ashenzari, orc_0_dummy,
          eino_house_with_fridge, uniq_joseph
D:10:     layout_roguey, david_lair_shrubbed, statue_in_the_mist_lemuel,
          uniq_fannar, uniq_josephine
Temple:   eino_temple_lava

Skill      XL: |  1  2  3  4  5  6  7  8  9 10 11 |
---------------+----------------------------------+-----
Conjurations   | 5 6 7 8 10 12 13 | 13.1
Fighting       | 1 2 3 4 6 8 9 |  9.3
Spellcasting   | 3 4 5 6 7 8 |  8.5
Translocations | 1 2 3 4 |  4.0
Hexes          | 1 2 3 |  3.0
Dodging        | |  1.8
Stealth        | |  1.8

Action                     |  1- 3 |  4- 6 |  7- 9 | 10-12 || total
---------------------------+-------+-------+-------+-------++-------
  Melee: Unarmed           |     5 |       |       |       ||     5
         Dagger            |     4 |    32 |    18 |       ||    54
         Tailslap          |     1 |     2 |     6 |    13 ||    22
         Spear             |       |     3 |       |       ||     3
         Punch             |       |     1 |       |     3 ||     4
         Morningstar       |       |       |    41 |    85 ||   126
   Cast: Magic Dart        |    76 |    68 |    72 |    24 ||   240
         Searing Ray       |     4 |    15 |    42 |    35 ||    96
         Fulminant Prism   |       |     1 |    24 |    37 ||    62
         Blink             |       |     1 |     4 |       ||     5
         Poisonous Vapours |       |       |     4 |    21 ||    25
         Iskenderun's Myst |       |       |       |    30 ||    30
Ability: Breathe Acid      |       |       |    16 |    20 ||    36
  Evoke: Wand              |       |       |       |     2 ||     2
    Use: Scroll            |       |    12 |       |     2 ||    14
         Potion            |       |       |       |     1 ||     1
   Stab: Sleeping          |     1 |       |     1 |       ||     2
 Armour: Skin              |     1 |    29 |    66 |    91 ||   187
  Dodge: Dodged            |    11 |    63 |   119 |   199 ||   392

Table legend: (Time is in decaauts)
 A = Elapsed time spent in this place.
 B = Non-inter-level travel time spent in this place.
 C = Inter-level travel time spent in this place.
 D = Time resting spent in this place.
 E = Time spent auto-exploring this place.
 F = Levels seen in this place.
 G = Mean time per level.
                   A        B        C        D        E       F      G
               +--------+--------+--------+--------+--------+-----+--------+
         Total |  13904 |  13389 |    515 |   1964 |   9271 |  12 | 1158.7 |
       Dungeon |  12931 |  12416 |    515 |   1750 |   8880 |  10 | 1293.1 |
        Temple |     26 |     26 |      0 |      0 |      3 |   1 |   26.0 |
        Bailey |    946 |    946 |      0 |    214 |    388 |   1 |  946.0 |
               +--------+--------+--------+--------+--------+-----+--------+

Top non-repeatable levels by time:
     D:9: 1570 daAuts
     D:8: 1557 daAuts
     D:6: 1492 daAuts
     D:7: 1416 daAuts
     D:4: 1399 daAuts
     D:2: 1370 daAuts
     D:5: 1215 daAuts
     D:1: 1194 daAuts
  Bailey: 946 daAuts
     D:3: 890 daAuts
    D:10: 824 daAuts
  Temple: 26 daAuts
